 Dungeon Crawl Stone Soup version 0.31-a0-182-gc5ef74bbde (webtiles) character file.

Game seed: 9366250673016297274

198396 qw the Warrior (level 18, -11/125 HPs)
             Began as a Gargoyle Fighter on June 20, 2023.
             Was a Priest of Okawaru.
             Mangled by Mara
             ... wielding a +5 demon blade
              (19 damage)
             ... on level 4 of the Swamp.
             The game lasted 00:19:45 (31187 turns).

qw the Warrior (Gargoyle Fighter)                  Turns: 31187, Time: 00:19:46

Health: -11/125    AC: 44    Str: 27    XL:     18   Next: 89%
Magic:  25/25      EV: 16    Int: 16    God:    Okawaru [***...]
Gold:   790        SH: 12    Dex: 10    Spells: 17/17 levels left

rFire   . . .        b - +8 war axe of Bodily Harmony {freeze, Stlth+}
rCold   + . .        c - +0 buckler
rNeg    + + .        K - +1 plate armour {rPois}
rPois   inf          h - +2 helmet
rElec   +            J - scarf {rC+ rF+}
rCorr   .            j - +2 pair of gloves
SInv    .            k - +0 pair of boots "Vuall" {+Inv rF- Int+6 Slay+2}
Will    ++...        N - amulet of reflection Stlth
                     C - +5 ring of evasion
HPRegen 0.40/turn    p - ring of Mujaumo {rN+ Will+ Dex+3}
MPRegen 0.19/turn

%: reflection
@: about to teleport, heroic, flying
A: sickness immunity, AC +13, big wings, negative energy resistance 1,
electricity resistance, torment resistance 1, petrification resistance, clumsy 1
a: Renounce Religion, Evoke Invisibility, Heroism


You were on level 4 of the Swamp.
You worshipped Okawaru.
Okawaru was most pleased with you.
You visited 6 branches of the dungeon, and saw 30 of its levels.

You collected 3093 gold pieces.
You spent 2303 gold pieces at shops.


Innate Abilities, Weirdness & Mutations

You are immune to sickness and miasma.
Your stone body is resilient. (AC +13)
You are immune to poison.
Your large and strong wings let you fly.
You resist negative energy. (rN+)
You are resistant to electric shocks. (rElec)
You are resistant to unholy torment.
You are immune to petrification.
You are clumsy. (Dex -2)


   Skills:
 - Level 18.0(23.0) Fighting
 - Level 16.0(21.0) Axes
 - Level 10.0(15.0) Throwing
 + Level 16.7(21.7) Armour
 - Level 5.0(10.0) Dodging
 - Level 11.0(16.0) Shields
 - Level 10.0 Invocations


You had 17 spell levels left.
You didn't know any spells.
Your spell library was empty.

Inventory:

Hand Weapons
 b - the +8 war axe of Bodily Harmony (weapon) {freeze, Stlth+}
   (You found it on level 2 of the Dungeon)

   Stlth:     It makes you more stealthy.
 H - a +0 broad axe
Missiles
 m - 4 javelins
 D - 10 boomerangs
Armour
 c - a +0 buckler (worn)
 h - a +2 helmet (worn)
 j - a +2 pair of gloves (worn)
 k - the +0 pair of boots "Vuall" (worn) {+Inv rF- Int+6 Slay+2}
   (Okawaru gifted it to you on level 11 of the Dungeon)

   Int:       It affects your intelligence (+6).
   Slay:      It affects your accuracy & damage with ranged weapons and melee
   (+2).
   rF:        It makes you vulnerable to fire.
   +Inv:      It lets you turn invisible.
 l - the +3 chain mail of the Minstrel {rC+ Int+2}
   (You found it on level 5 of the Dungeon)

   Int:       It affects your intelligence (+2).
   rC:        It protects you from cold.
 s - +0 acid dragon scales
 t - the +3 ring mail of the Echidna {Drain rC++ Slay+4 Stlth+}
   (You found it on level 3 of the Dungeon)

   Slay:      It affects your accuracy & damage with ranged weapons and melee
   (+4).
   rC:        It greatly protects you from cold.
   Drain:     It drains your maximum health when unequipped.
   Stlth:     It makes you more stealthy.
 A - a +1 cloak
 J - a scarf of resistance (worn)
 K - a +1 plate armour of poison resistance (worn)
 L - a +3 scale mail of fire resistance
Jewellery
 p - the ring of Mujaumo (right hand) {rN+ Will+ Dex+3}
   (You acquired it on level 4 of the Dungeon)

   [ring of positive energy]

   Dex:       It affects your dexterity (+3).
   rN:        It protects you from negative energy.
   Will:      It increases your willpower.
 q - a ring of resist corrosion
 u - a ring of protection from cold
 y - a ring of resist corrosion
 C - a +5 ring of evasion (left hand)
 I - a ring of protection from cold
 N - an amulet of reflection (around neck)
Wands
 f - a wand of digging (17)
Scrolls
 n - 12 scrolls of identify
 w - 2 scrolls of enchant weapon
 E - 5 scrolls of teleportation
Potions
 a - 4 potions of lignification
 d - 8 potions of might
 e - 4 potions of mutation
 g - 2 potions of magic
 i - 7 potions of curing
 v - 4 potions of attraction
 x - 4 potions of enlightenment
 z - 3 potions of cancellation
 F - 4 potions of haste
 G - a potion of resistance

Dungeon Overview and Level Annotations

Branches:
Dungeon (15/15)            Temple (1/1) D:5            Lair (5/5) D:9
  Swamp (4/4) Lair:2       Spider (3/4) Lair:3        Slime (0/5) Lair:4
    Orc (2/2) D:12            Elf (0/3) Orc:2        Vaults (0/5) D:14
 Depths (0/4) D:15

Altars:
Ashenzari
Cheibriados
Dithmenos
Elyvilon
Fedhas
Gozag
Hepliaklqana
Kikubaaqudgha
Makhleb
Nemelex Xobeh
Okawaru
Qazlal
Ru
Sif Muna
Trog
Uskayaw
Vehumet
Wu Jian
Xom
Yredelemnul
Zin
The Shining One
Jiyva

Shops:
D:4 !   D:7 :   D:12 [   Orc:1 ([   Orc:2 *!*[*

Annotations:
D:6 1 transporter, qw's ghost, novice NaHu
D:8 5 runed translucent doors
Swamp:2 2 transporters, Gokhumny's ghost, adept GnFi
Swamp:4 Mara
Spider:1 1 runed translucent door
Spider:2 2 transporters, qw's ghost, adept GrFi


Message History

You hit Mara. You freeze Mara.
Mara is severely wounded.
You hit qw's illusion. You hit Mara but do no damage.
Mara splashes around in the water.
Qw's illusion barely misses you.
A swamp dragon comes into view.
Mara hits you but does no damage.
The swamp dragon roars deafeningly!
You slash Mara! You freeze Mara.
Mara is almost dead.
You miss qw's illusion. You miss Mara.
You hear a deafening roar!
Mara splashes around in the water.
You hit Mara. You freeze Mara.
You kill Mara!
Mara shimmers and vanishes!
You barely miss qw's illusion. You hit Mara. You freeze Mara.
Qw's illusion hits you. Qw's illusion freezes you.
Mara hits you with a +5 demon blade!
You slice Mara!! You freeze Mara!
Mara is almost dead.
You slice the swamp drake!! You freeze the swamp drake.
You kill the swamp drake!
Okawaru accepts your kill.
You hit qw's illusion but do no damage. Qw's illusion hits you!
Qw's illusion freezes you.
Mara blinks!
You hit qw's illusion but do no damage. You block qw's illusion's attack.
You miss qw's illusion. You hit Mara but do no damage.
Mara is moderately wounded.
You hit qw's illusion but do no damage. Qw's illusion hits you!
Qw's illusion freezes you. Mara gestures at you. The bolt of fire hits you!
31187 ||| READING 6 scrolls of teleportation.
As you read the scroll of teleportation, it crumbles to dust.
You feel strangely unstable.
You are engulfed in a cloud of scalding steam.
Qw's illusion closely misses you. Mara hits you with a +5 demon blade!!
You die...

#7~~77.77 7~~..~~.7
#7~7~.!.7777 ~
#7~¤7~.~7~7.77.
#~[%<7.....~~.~
#7~:(........7 .
#~~~)~~..~~~.77...
~.~..~~~~.~¤@...~~~~
~7~~~.~~.~D~@R..~~~~
77.~...~.~~~R.$~~~~
777~7.77...7~....~
77777707777~.77. 77
7~~7 .~$. 77~


You could see 2 Maras, a swamp dragon and qw's illusion.

Vanquished Creatures
  Arachne (Spider:2)
  Jorgrun (D:14)
  A kraken (Swamp:3)
  Kirke (Lair:4)
  A thorn hunter (Swamp:1)
  3 emperor scorpions
  A ghost moth (Spider:2)
  3 ghouls (Swamp:3)
  An eleionoma (Swamp:2)
  4 bunyips
  Snorg (D:12)
  A spark wasp (Spider:1)
  A shambling mangrove (Swamp:3)
  2 fire dragons
  3 entropy weavers
  14 hydras
  An ogre mage (D:14)
  2 catoblepae
  2 ghost crabs (Swamp:1)
  A jorogumo (Spider:3)
  2 death knights
  7 two-headed ogres
  5 alligators
  6 centaur warriors
  A radroach (Spider:3)
  4 boulder beetles
  4 tengu warriors
  2 anacondas (Lair:3)
  3 death yaks
  4 orc high priests (Orc:2)
  7 demonic crawlers
  A spriggan berserker (Swamp:2)
  A storm dragon zombie (D:15)
  A fire crab (Lair:3)
  2 sun moths
  3 skeletal warriors
  3 goliath frogs
  4 spriggan druids
  Lodul (D:14)
  5 orb spiders
  A flayed ghost (D:15)
  2 pharaoh ants
  2 steelbarb worms
  A wizard (D:14)
  7 swamp dragons
  A deep elf archer (D:14)
  A necromancer (D:15)
  3 bog bodies
  3 deep elf zephyrmancers (D:14)
  7 orc knights
  A lindwurm (Lair:5)
  4 orc sorcerers
  4 ugly things
  7 wolf spiders
  A fire giant zombie (D:15)
  A deep elf pyromancer (D:12)
  An oklob plant (Lair:2)
  2 manticores
  3 moths of wrath
  4 cyclopes
  5 elephants
  4 will-o-the-wisps
  12 centaur zombies (D:11)
  A frost giant zombie (D:15)
  Joseph (D:9)
  A guardian serpent (Lair:5)
  9 black mambas
  An unseen horror (D:13)
  A spriggan zombie (D:15)
  31 cane toads
  3 torpor snails
  3 centaur skeletons (D:14)
  3 yaktaurs (D:14)
  3 kobold demonologists
  A rime drake (Lair:4)
  A komodo dragon (shapeshifter) (D:15)
  A freezing wraith (D:13)
  11 komodo dragons
  A guardian mummy (D:15)
  3 tengu conjurers
  13 tyrant leeches
  9 trolls
  15 hornets
  15 tarantellas
  A hornet (shapeshifter) (D:13)
  Prince Ribbit (D:6)
  7 dream sheep (Lair:5)
  17 blink frogs
  14 slime creatures
  8 culicivoras
  A culicivora (shapeshifter) (D:14)
  19 jumping spiders
  3 shadows
  6 wraiths
  7 spriggans
  13 wyverns
  76 yaks
  A hog (Lair:4)
  16 vampire mosquitoes
  2 humans (Lair:4)
  39 redbacks
  6 basilisks
  6 steam dragons
  5 wargs
  Menkaure (D:5)
  15 swamp worms
  Edmund (D:5)
  5 acid dragons
  Duvessa (D:7)
  24 water moccasins
  9 swamp drakes
  26 orc warriors
  A sky beast (D:7)
  2 black bears
  4 ice beasts
  9 ogres
  10 centaurs
  2 phantoms
  7 kobold brigands
  10 bullfrogs
  2 scorpions
  6 wights
  Dowan (D:7)
  24 killer bees
  5 howler monkeys
  An electric eel (Lair:3)
  3 hounds
  5 jellies
  21 orc priests
  A gnoll bouda (Orc:2)
  14 iguanas
  3 sleepcaps
  22 orc wizards
  A boggart skeleton (D:14)
  A mummy (D:5)
  11 gnolls
  9 adders
  A shadow imp (D:8)
  2 white imps
  2 dart slugs
  78 orcs
  7 ball pythons
  7 bats
  7 endoplasms
  2 giant cockroaches
  6 goblins
  7 hobgoblins
  26 kobolds
  4 quokkas
  3 hobgoblin zombies (D:5)
  7 rats
  3 butterflies (Lair:5)
  4 tentacles (Swamp:3)
986 creatures vanquished.

Vanquished Creatures (others)
  A bloated husk (Swamp:3)
  A spriggan (Swamp:3)
  A kobold brigand (D:9)
  A wight (D:9)
  32 foxfires
  2 tentacles (Swamp:3)
38 creatures vanquished.

Grand Total: 1024 creatures vanquished

Notes
Turn   | Place    | Note
-------+----------+-------------------------------------------
     0 | D:1      | qw the Gargoyle Fighter began the quest for the Orb.
     0 | D:1      | Reached XP level 1. HP: 14/14 MP: 1/1
     0 | D:1      | 0 ||| qw: Version: 0.3-a-9-g12657ce
     0 | D:1      | 0 ||| qw: Game counter: 1209
     0 | D:1      | 0 ||| qw: Always use a shield: true
     0 | D:1      | 0 ||| qw: God list: Okawaru
     0 | D:1      | 0 ||| qw: Allow faded altars: false
     0 | D:1      | 0 ||| qw: Do Orc after D:15 true
     0 | D:1      | 0 ||| qw: Do second Lair branch before Depths: true
     0 | D:1      | 0 ||| qw: Lair rune preference: random
     0 | D:1      | 0 ||| qw: Plans: Normal, Zot:1-4, Slime:5, God:TSO, Crypt,
                  | Tomb, Abyss, Pan, Hells, Win
     0 | D:1      | 0 ||| PLANNING D:1-11
   151 | D:1      | Reached XP level 2. HP: 19/19 MP: 2/2
   151 | D:1      | 151 ||| Stepping ~*~*~tactically~*~*~ (stealth).
   159 | D:1      | 159 ||| Stepping ~*~*~tactically~*~*~ (stealth).
   552 | D:1      | Reached skill level 3 in Axes
   679 | D:1      | 679 ||| UPGRADING to +0 chain mail.
   689 | D:1      | 689 ||| DROPPING +0 scale mail.
   690 | D:1      | 690 ||| UPGRADING to +1 pair of gloves.
   695 | D:1      | 695 ||| UPGRADING to ring of protection from cold.
   696 | D:1      | 696 ||| READING 2 scrolls labelled JIUTSE ZUARIFF.
   701 | D:1      | 701 ||| READING scroll labelled BOAKOI YFOI.
   702 | D:1      | 702 ||| READING scroll labelled KEOB XY BU PYT.
   703 | D:1      | 703 ||| READING 2 scrolls labelled HETSAW FUM.
   704 | D:1      | 704 ||| READING scroll labelled QUSHRA ALOUVORIBB.
   705 | D:1      | 705 ||| DROPPING scroll of amnesia.
   730 | D:2      | Reached XP level 3. HP: 23/23 MP: 3/3
   814 | D:2      | Identified the +8 war axe of Bodily Harmony {freeze,
                  | Stlth+}
   816 | D:2      | 816 ||| SWAPPING to +8 war axe of Bodily Harmony {freeze,
                  | Stlth+}.
   846 | D:2      | 846 ||| Stepping ~*~*~tactically~*~*~ (stealth).
  1044 | D:2      | Found a faded altar of an unknown god.
  1235 | D:2      | 1235 ||| READING scroll labelled IROODD YSHRYFAN.
  1236 | D:2      | 1236 ||| DRINKING 2 emerald potions.
  1256 | D:3      | 1256 ||| Stepping ~*~*~tactically~*~*~ (stealth).
  1275 | D:3      | Identified the +1 spear of Yfeut {freeze, Stlth+}
  1374 | D:3      | Reached XP level 4. HP: 28/28 MP: 4/4
  1409 | D:3      | 1409 ||| Stepping ~*~*~tactically~*~*~ (hiding).
  1410 | D:3      | 1410 ||| Stepping ~*~*~tactically~*~*~ (hiding).
  1411 | D:3      | 1411 ||| Stepping ~*~*~tactically~*~*~ (hiding).
  1528 | D:3      | Found an ancient bone altar of Kikubaaqudgha.
  1550 | D:3      | 1550 ||| DROPPING +0 club.
  1551 | D:3      | Identified the +3 ring mail of the Echidna {Drain rC++
                  | Slay+4 Stlth+}
  1554 | D:3      | Found an opulent altar of Gozag.
  1695 | D:3      | 1695 ||| UPGRADING to +3 ring mail of the Echidna {Drain
                  | rC++ Slay+4 Stlth+}.
  1705 | D:3      | 1705 ||| DROPPING +0 chain mail.
  1706 | D:3      | 1706 ||| UPGRADING to ring of resist corrosion.
  1707 | D:3      | 1707 ||| READING scroll labelled DOASA GIVIOL.
  1708 | D:3      | 1708 ||| READING scroll labelled WINEYZX XAQE.
  1738 | D:4      | Reached XP level 5. HP: 32/32 MP: 5/5
  1799 | D:4      | Noticed an acid dragon
  1800 | D:4      | 1800 ||| Stepping ~*~*~tactically~*~*~ (stealth).
  1805 | D:4      | 1805 ||| Stepping ~*~*~tactically~*~*~ (stealth).
  1963 | D:4      | 1963 ||| Stepping ~*~*~tactically~*~*~ (stealth).
  1965 | D:4      | 1965 ||| Stepping ~*~*~tactically~*~*~ (stealth).
  1967 | D:4      | 1967 ||| Stepping ~*~*~tactically~*~*~ (stealth).
  1969 | D:4      | 1969 ||| Stepping ~*~*~tactically~*~*~ (stealth).
  1971 | D:4      | 1971 ||| Stepping ~*~*~tactically~*~*~ (stealth).
  1973 | D:4      | 1973 ||| Stepping ~*~*~tactically~*~*~ (stealth).
  1975 | D:4      | 1975 ||| Stepping ~*~*~tactically~*~*~ (stealth).
  1990 | D:4      | Noticed a phantom
  1991 | D:4      | 1991 ||| Stepping ~*~*~tactically~*~*~ (stealth).
  1996 | D:4      | 1996 ||| Stepping ~*~*~tactically~*~*~ (stealth).
  2000 | D:4      | Killed a phantom
  2001 | D:4      | Reached skill level 1 in Dodging
  2001 | D:4      | Reached XP level 6. HP: 37/37 MP: 6/6
  2028 | D:4      | 2028 ||| DROPPING +0 whip.
  2031 | D:4      | 2031 ||| Stepping ~*~*~tactically~*~*~ (stealth).
  2033 | D:4      | 2033 ||| Stepping ~*~*~tactically~*~*~ (stealth).
  2034 | D:4      | 2034 ||| Stepping ~*~*~tactically~*~*~ (stealth).
  2050 | D:4      | Reached skill level 4 in Fighting
  2159 | D:4      | 2159 ||| DROPPING +0 mace.
  2283 | D:4      | Found a stormy altar of Qazlal.
  2358 | D:4      | 2358 ||| Stepping ~*~*~tactically~*~*~ (stealth).
  2367 | D:4      | 2367 ||| Stepping ~*~*~tactically~*~*~ (stealth).
  2372 | D:4      | 2372 ||| Stepping ~*~*~tactically~*~*~ (stealth).
  2376 | D:4      | 2376 ||| Stepping ~*~*~tactically~*~*~ (stealth).
  2378 | D:4      | 2378 ||| Stepping ~*~*~tactically~*~*~ (stealth).
  2380 | D:4      | 2380 ||| Stepping ~*~*~tactically~*~*~ (stealth).
  2384 | D:4      | 2384 ||| Stepping ~*~*~tactically~*~*~ (stealth).
  2386 | D:4      | 2386 ||| Stepping ~*~*~tactically~*~*~ (stealth).
  2388 | D:4      | 2388 ||| Stepping ~*~*~tactically~*~*~ (stealth).
  2390 | D:4      | 2390 ||| Stepping ~*~*~tactically~*~*~ (stealth).
  2392 | D:4      | 2392 ||| Stepping ~*~*~tactically~*~*~ (stealth).
  2394 | D:4      | 2394 ||| Stepping ~*~*~tactically~*~*~ (stealth).
  2398 | D:4      | 2398 ||| Stepping ~*~*~tactically~*~*~ (stealth).
  2400 | D:4      | 2400 ||| Stepping ~*~*~tactically~*~*~ (stealth).
  2402 | D:4      | 2402 ||| Stepping ~*~*~tactically~*~*~ (stealth).
  2404 | D:4      | 2404 ||| Stepping ~*~*~tactically~*~*~ (stealth).
  2406 | D:4      | 2406 ||| Stepping ~*~*~tactically~*~*~ (stealth).
  2408 | D:4      | 2408 ||| Stepping ~*~*~tactically~*~*~ (stealth).
  2410 | D:4      | 2410 ||| Stepping ~*~*~tactically~*~*~ (stealth).
  2412 | D:4      | 2412 ||| Stepping ~*~*~tactically~*~*~ (stealth).
  2430 | D:4      | Found Lith's Distillery.
  2434 | D:4      | 2434 ||| BUYING potion of attraction (33 gold).
  2434 | D:4      | Bought a potion of attraction for 33 gold pieces
  2434 | D:4      | 2434 ||| BUYING potion of heal wounds (55 gold).
  2434 | D:4      | Bought a potion of heal wounds for 55 gold pieces
  2434 | D:4      | 2434 ||| BUYING potion of might (44 gold).
  2434 | D:4      | Bought a potion of might for 44 gold pieces
  2434 | D:4      | 2434 ||| BUYING potion of might (44 gold).
  2434 | D:4      | Bought a potion of might for 44 gold pieces
  2517 | D:4      | 2517 ||| READING scroll labelled ODENLIOXIA.
  2517 | D:4      | Identified a scroll of acquirement
  2517 | D:4      | 2517 ||| ACQUIRING ring of Mujaumo {rN+ Will+ Dex+3}
  2517 | D:4      | Acquired the ring of Mujaumo {rN+ Will+ Dex+3}
  2519 | D:4      | 2519 ||| UPGRADING to ring of Mujaumo {rN+ Will+ Dex+3}.
  2521 | D:4      | 2521 ||| READING scroll labelled DAYFOM OBIBB.
  2540 | D:5      | Entered Level 5 of the Dungeon
  2541 | D:5      | 2541 ||| PLANNING OSSUARY
  2602 | D:5      | Found a bloodstained altar of Trog.
  2615 | D:5      | Reached skill level 6 in Axes
  2615 | D:5      | Reached XP level 7. HP: 37/43 MP: 7/7
  2661 | D:5      | Found an ornate altar of the Wu Jian Council.
  2663 | D:5      | 2663 ||| Stepping ~*~*~tactically~*~*~ (stealth).
  2672 | D:5      | 2672 ||| Stepping ~*~*~tactically~*~*~ (stealth).
  2674 | D:5      | 2674 ||| Stepping ~*~*~tactically~*~*~ (stealth).
  2676 | D:5      | 2676 ||| Stepping ~*~*~tactically~*~*~ (stealth).
  2678 | D:5      | 2678 ||| Stepping ~*~*~tactically~*~*~ (stealth).
  2680 | D:5      | 2680 ||| Stepping ~*~*~tactically~*~*~ (stealth).
  2682 | D:5      | 2682 ||| Stepping ~*~*~tactically~*~*~ (stealth).
  2684 | D:5      | 2684 ||| Stepping ~*~*~tactically~*~*~ (stealth).
  2686 | D:5      | 2686 ||| Stepping ~*~*~tactically~*~*~ (stealth).
  2739 | D:5      | 2739 ||| Stepping ~*~*~tactically~*~*~ (stealth).
  2741 | D:5      | 2741 ||| Stepping ~*~*~tactically~*~*~ (stealth).
  2743 | D:5      | 2743 ||| Stepping ~*~*~tactically~*~*~ (stealth).
  2745 | D:5      | 2745 ||| Stepping ~*~*~tactically~*~*~ (stealth).
  2747 | D:5      | 2747 ||| Stepping ~*~*~tactically~*~*~ (stealth).
  2762 | D:5      | 2762 ||| Stepping ~*~*~tactically~*~*~ (stealth).
  2770 | D:5      | 2770 ||| Stepping ~*~*~tactically~*~*~ (stealth).
  2771 | D:5      | 2771 ||| Stepping ~*~*~tactically~*~*~ (stealth).
  2772 | D:5      | 2772 ||| Stepping ~*~*~tactically~*~*~ (stealth).
  2773 | D:5      | 2773 ||| Stepping ~*~*~tactically~*~*~ (stealth).
  2800 | D:5      | 2800 ||| Stepping ~*~*~tactically~*~*~ (stealth).
  2802 | D:5      | 2802 ||| Stepping ~*~*~tactically~*~*~ (stealth).
  2804 | D:5      | 2804 ||| Stepping ~*~*~tactically~*~*~ (stealth).
  2806 | D:5      | 2806 ||| Stepping ~*~*~tactically~*~*~ (stealth).
  2809 | D:5      | 2809 ||| Stepping ~*~*~tactically~*~*~ (stealth).
  2857 | D:5      | 2857 ||| Stepping ~*~*~tactically~*~*~ (stealth).
  2872 | D:5      | Found a staircase to the Ecumenical Temple.
  2874 | D:5      | Identified the +3 chain mail of the Minstrel {rC+ Int+2}
  2880 | D:5      | 2880 ||| Stepping ~*~*~tactically~*~*~ (stealth).
  2883 | D:5      | 2883 ||| Stepping ~*~*~tactically~*~*~ (stealth).
  2885 | D:5      | 2885 ||| Stepping ~*~*~tactically~*~*~ (stealth).
  2888 | D:5      | 2888 ||| Stepping ~*~*~tactically~*~*~ (stealth).
  2961 | D:5      | Found a shimmering blue altar of Sif Muna.
  2988 | D:5      | 2988 ||| Stepping ~*~*~tactically~*~*~ (stealth).
  3014 | D:5      | Noticed Edmund
  3015 | D:5      | 3015 ||| Stepping ~*~*~tactically~*~*~ (stealth).
  3017 | D:5      | 3017 ||| Stepping ~*~*~tactically~*~*~ (stealth).
  3019 | D:5      | 3019 ||| Stepping ~*~*~tactically~*~*~ (hiding).
  3020 | D:5      | 3020 ||| Stepping ~*~*~tactically~*~*~ (stealth).
  3021 | D:5      | 3021 ||| Stepping ~*~*~tactically~*~*~ (hiding).
  3032 | D:5      | Killed Edmund
  3033 | D:5      | Reached skill level 5 in Fighting
  3034 | D:5      | Reached XP level 8. HP: 30/49 MP: 8/8
  3037 | D:5      | 3037 ||| FLEEEEING.
  3038 | D:5      | 3038 ||| FLEEEEING.
  3039 | D:5      | 3039 ||| FLEEEEING.
  3042 | D:5      | 3042 ||| Stepping ~*~*~tactically~*~*~ (stealth).
  3043 | D:5      | 3043 ||| FLEEEEING.
  3044 | D:5      | 3044 ||| Stepping ~*~*~tactically~*~*~ (stealth).
  3048 | D:5      | 3048 ||| Stepping ~*~*~tactically~*~*~ (stealth).
  3053 | D:5      | Reached skill level 1 in Throwing
  3059 | D:5      | 3059 ||| FLEEEEING.
  3060 | D:5      | 3060 ||| FLEEEEING.
  3061 | D:5      | 3061 ||| FLEEEEING.
  3062 | D:5      | 3062 ||| FLEEEEING.
  3063 | D:5      | 3063 ||| FLEEEEING.
  3064 | D:5      | 3064 ||| FLEEEEING.
  3065 | D:5      | 3065 ||| FLEEEEING.
  3066 | D:5      | 3066 ||| FLEEEEING.
  3067 | D:5      | 3067 ||| FLEEEEING.
  3068 | D:5      | 3068 ||| FLEEEEING.
  3069 | D:5      | 3069 ||| FLEEEEING.
  3070 | D:5      | 3070 ||| FLEEEEING.
  3071 | D:5      | 3071 ||| FLEEEEING.
  3072 | D:5      | 3072 ||| FLEEEEING.
  3073 | D:5      | 3073 ||| FLEEEEING.
  3074 | D:5      | 3074 ||| FLEEEEING.
  3075 | D:5      | 3075 ||| FLEEEEING.
  3076 | D:5      | 3076 ||| FLEEEEING.
  3077 | D:5      | 3077 ||| FLEEEEING.
  3078 | D:5      | 3078 ||| STAIRDANCE
  3149 | D:4      | 3149 ||| UPGRADING to +3 chain mail of the Minstrel {rC+
                  | Int+2}.
  3159 | D:4      | 3159 ||| UPGRADING to ring of protection from cold.
  3190 | D:5      | 3190 ||| DROPPING +0 flail.
  3221 | D:5      | 3221 ||| RIP OSSUARY
  3244 | D:5      | 3244 ||| PLANNING TEMPLE
  3294 | Temple   | Entered the Ecumenical Temple
  3405 | Temple   | 3405 ||| PLANNING D:1-11
  3595 | D:5      | Found a white marble altar of Elyvilon.
  3598 | D:5      | Noticed Menkaure
  3599 | D:5      | 3599 ||| Stepping ~*~*~tactically~*~*~ (hiding).
  3603 | D:5      | 3603 ||| Stepping ~*~*~tactically~*~*~ (hiding).
  3609 | D:5      | Killed Menkaure
  3970 | D:6      | 3970 ||| Stepping ~*~*~tactically~*~*~ (stealth).
  4009 | D:6      | Reached skill level 6 in Fighting
  4082 | D:6      | Found a broken altar of Ashenzari.
  4153 | D:6      | 4153 ||| Stepping ~*~*~tactically~*~*~ (hiding).
  4155 | D:6      | Noticed Prince Ribbit
  4156 | D:6      | 4156 ||| Stepping ~*~*~tactically~*~*~ (hiding).
  4172 | D:6      | Killed Prince Ribbit
  4173 | D:6      | Reached XP level 9. HP: 36/55 MP: 9/9
  4239 | D:6      | Found a transporter.
  4281 | D:6      | Noticed qw's ghost (novice NaHu)
  4334 | D:6      | Reached skill level 9 in Axes
  4429 | D:6      | Found a hide-covered altar of Uskayaw.
  4550 | D:6      | 4550 ||| UPGRADING to +0 cloak.
  4555 | D:6      | 4555 ||| READING scroll labelled ETATER CEUPS.
  4572 | D:7      | Found Fuiced's Book Emporium.
  4734 | D:7      | Noticed Dowan
  4735 | D:7      | 4735 ||| Stepping ~*~*~tactically~*~*~ (hiding).
  4736 | D:7      | Noticed Duvessa
  4742 | D:7      | Killed Duvessa
  4743 | D:7      | Reached skill level 7 in Fighting
  4750 | D:7      | Killed Dowan
  4900 | D:7      | Found Zin's Purification Station.
  4900 | D:7      | Found a glowing silver altar of Zin.
  4908 | D:7      | 4908 ||| BUYING potion of curing (90 gold).
  4908 | D:7      | Bought a potion of curing for 90 gold pieces
  4965 | D:7      | 4965 ||| DROPPING ring of flight.
  4966 | D:7      | 4966 ||| READING scroll labelled XITYEDYEDA.
  4967 | D:7      | 4967 ||| DRINKING 2 smoky sapphire potions.
  4968 | D:7      | 4968 ||| DRINKING 4 orange potions.
  4969 | D:7      | 4969 ||| READING 2 scrolls of identify.
  4969 | D:7      | 4969 ||| IDENTIFYING bubbling inky potion
  4970 | D:7      | 4970 ||| DROPPING potion of degeneration.
  5064 | D:8      | 5064 ||| Stepping ~*~*~tactically~*~*~ (hiding).
  5095 | D:8      | 5095 ||| Stepping ~*~*~tactically~*~*~ (hiding).
  5361 | D:8      | 5361 ||| Stepping ~*~*~tactically~*~*~ (stealth).
  5385 | D:8      | Reached XP level 10. HP: 44/63 MP: 10/10
  5425 | D:8      | 5425 ||| Stepping ~*~*~tactically~*~*~ (stealth).
  5678 | D:8      | Reached skill level 8 in Fighting
  5694 | D:8      | Found a runed translucent door.
  5709 | D:8      | Found a runed translucent gate.
  5711 | D:8      | Found a runed translucent gate.
  5711 | D:8      | Found a runed translucent gate.
  5723 | D:8      | Found a runed translucent door.
  5746 | D:8      | 5746 ||| Stepping ~*~*~tactically~*~*~ (stealth).
  5747 | D:8      | 5747 ||| Stepping ~*~*~tactically~*~*~ (stealth).
  5790 | D:8      | Found the +9 staff of Olgreb {rPois∞}
  6057 | D:8      | 6057 ||| DRINKING 2 brown potions.
  6058 | D:8      | 6058 ||| READING 2 scrolls of identify.
  6058 | D:8      | 6058 ||| IDENTIFYING inky potion
  6059 | D:8      | 6059 ||| DROPPING potion of invisibility.
  6123 | D:9      | 6123 ||| STAIRDANCE
  6123 | D:9      | Noticed Joseph
  6279 | D:9      | HP: 12/64 [something] (6)]
  6280 | D:9      | 6280 ||| READING 2 scrolls of teleportation.
  6281 | D:9      | 6281 ||| DRINKING 3 potions of heal wounds.
  6282 | D:9      | HP: 1/64 [Joseph/sling bullet (8)]
  6283 | D:9      | 6283 ||| DRINKING 2 potions of heal wounds.
  6290 | D:9      | 6290 ||| Stepping ~*~*~tactically~*~*~ (hiding).
  6292 | D:9      | 6292 ||| Stepping ~*~*~tactically~*~*~ (hiding).
  6293 | D:9      | 6293 ||| Stepping ~*~*~tactically~*~*~ (hiding).
  6294 | D:9      | 6294 ||| Stepping ~*~*~tactically~*~*~ (hiding).
  6299 | D:9      | 6299 ||| FLEEEEING.
  6300 | D:9      | 6300 ||| Stepping ~*~*~tactically~*~*~ (hiding).
  6311 | D:9      | 6311 ||| Stepping ~*~*~tactically~*~*~ (stealth).
  6314 | D:9      | 6314 ||| Stepping ~*~*~tactically~*~*~ (stealth).
  6351 | D:9      | HP: 10/64 [Joseph/+0 spectral quarterstaff (12)]
  6352 | D:9      | 6352 ||| READING scroll of teleportation.
  6353 | D:9      | 6353 ||| DRINKING potion of heal wounds.
  6354 | D:9      | Killed Joseph
  6355 | D:9      | Reached skill level 6 in Armour
  6528 | D:9      | 6528 ||| Stepping ~*~*~tactically~*~*~ (stealth).
  6532 | D:9      | 6532 ||| Stepping ~*~*~tactically~*~*~ (stealth).
  6548 | D:9      | 6548 ||| FLEEEEING.
  6549 | D:9      | 6549 ||| FLEEEEING.
  6550 | D:9      | 6550 ||| FLEEEEING.
  6551 | D:9      | 6551 ||| FLEEEEING.
  6552 | D:9      | 6552 ||| FLEEEEING.
  6553 | D:9      | 6553 ||| FLEEEEING.
  6554 | D:9      | 6554 ||| FLEEEEING.
  6555 | D:9      | 6555 ||| FLEEEEING.
  6556 | D:9      | 6556 ||| FLEEEEING.
  6557 | D:9      | 6557 ||| FLEEEEING.
  6558 | D:9      | 6558 ||| FLEEEEING.
  6559 | D:9      | 6559 ||| STAIRDANCE
  6872 | D:9      | 6872 ||| Stepping ~*~*~tactically~*~*~ (stealth).
  6873 | D:9      | 6873 ||| Stepping ~*~*~tactically~*~*~ (stealth).
  6894 | D:9      | Reached skill level 9 in Fighting
  6894 | D:9      | 6894 ||| FLEEEEING.
  6895 | D:9      | 6895 ||| FLEEEEING.
  6896 | D:9      | 6896 ||| FLEEEEING.
  6897 | D:9      | 6897 ||| FLEEEEING.
  6898 | D:9      | 6898 ||| FLEEEEING.
  6899 | D:9      | 6899 ||| FLEEEEING.
  6900 | D:9      | 6900 ||| FLEEEEING.
  6901 | D:9      | 6901 ||| FLEEEEING.
  6902 | D:9      | 6902 ||| FLEEEEING.
  6903 | D:9      | 6903 ||| FLEEEEING.
  6904 | D:9      | 6904 ||| FLEEEEING.
  6905 | D:9      | 6905 ||| FLEEEEING.
  6906 | D:9      | 6906 ||| FLEEEEING.
  6907 | D:9      | 6907 ||| FLEEEEING.
  6908 | D:9      | 6908 ||| FLEEEEING.
  6909 | D:9      | 6909 ||| FLEEEEING.
  6910 | D:9      | 6910 ||| FLEEEEING.
  6911 | D:9      | 6911 ||| FLEEEEING.
  6913 | D:9      | 6913 ||| STAIRDANCE
  7129 | D:9      | 7129 ||| Stepping ~*~*~tactically~*~*~ (hiding).
  7184 | D:9      | Found a staircase to the Lair.
  7199 | D:9      | Reached XP level 11. HP: 68/71 MP: 11/11
  7237 | D:9      | Found a snail-covered altar of Cheibriados.
  7377 | D:9      | Reached skill level 3 in Throwing
  7481 | D:10     | Entered Level 10 of the Dungeon
  7519 | D:10     | 7519 ||| Stepping ~*~*~tactically~*~*~ (cloud).
  7524 | D:10     | 7524 ||| Stepping ~*~*~tactically~*~*~ (stealth).
  7591 | D:10     | 7591 ||| Stepping ~*~*~tactically~*~*~ (hiding).
  7593 | D:10     | 7593 ||| Stepping ~*~*~tactically~*~*~ (hiding).
  7782 | D:10     | 7782 ||| Stepping ~*~*~tactically~*~*~ (hiding).
  7803 | D:10     | Reached skill level 12 in Axes
  7806 | D:10     | 7806 ||| Stepping ~*~*~tactically~*~*~ (stealth).
  7811 | D:10     | 7811 ||| Stepping ~*~*~tactically~*~*~ (stealth).
  7929 | D:10     | Found an iron altar of Okawaru.
  7930 | D:10     | 7930 ||| PLANNING OKAWARU WORSHIP
  7937 | D:10     | Became a worshipper of Warmaster Okawaru
  7938 | D:10     | 7938 ||| PLANNING D:1-11
  7989 | D:10     | 7989 ||| Stepping ~*~*~tactically~*~*~ (stealth).
  7996 | D:10     | Gained mutation: You are clumsy. (Dex -2) [a neqoxec]
  8011 | D:10     | Reached skill level 6 in Shields
  8266 | D:10     | 8266 ||| PLANNING LAIR
  8315 | Lair:1   | Entered Level 1 of the Lair of Beasts
  8318 | Lair:1   | 8318 ||| STAIRDANCE
  8392 | Lair:1   | Reached * piety under Okawaru
  8393 | Lair:1   | 8393 ||| INVOKING Heroism.
  8419 | Lair:1   | 8419 ||| Stepping ~*~*~tactically~*~*~ (stealth).
  8421 | Lair:1   | 8421 ||| Stepping ~*~*~tactically~*~*~ (stealth).
  8422 | Lair:1   | 8422 ||| Stepping ~*~*~tactically~*~*~ (stealth).
  8424 | Lair:1   | 8424 ||| Stepping ~*~*~tactically~*~*~ (stealth).
  8430 | Lair:1   | Reached skill level 1 in Invocations
  8440 | Lair:1   | 8440 ||| INVOKING Heroism.
  8579 | Lair:1   | Identified the +3 flail of Blind Justice {speed, rPois}
  8674 | Lair:1   | 8674 ||| INVOKING Heroism.
  8677 | Lair:1   | Reached skill level 10 in Fighting
  8677 | Lair:1   | Reached skill level 3 in Invocations
  8704 | Lair:1   | 8704 ||| INVOKING Heroism.
  8829 | Lair:1   | 8829 ||| INVOKING Heroism.
  8895 | Lair:1   | 8895 ||| INVOKING Heroism.
  8933 | Lair:1   | 8933 ||| INVOKING Heroism.
  9031 | Lair:1   | 9031 ||| Stepping ~*~*~tactically~*~*~ (stealth).
  9047 | Lair:1   | 9047 ||| INVOKING Heroism.
  9346 | Lair:1   | 9346 ||| READING 2 scrolls of identify.
  9346 | Lair:1   | 9346 ||| IDENTIFYING white potion
  9355 | Lair:2   | 9355 ||| STAIRDANCE
  9362 | Lair:1   | 9362 ||| FLEEEEING.
  9363 | Lair:1   | 9363 ||| FLEEEEING.
  9364 | Lair:1   | 9364 ||| FLEEEEING.
  9365 | Lair:1   | 9365 ||| FLEEEEING.
  9366 | Lair:1   | 9366 ||| FLEEEEING.
  9367 | Lair:1   | 9367 ||| FLEEEEING.
  9368 | Lair:1   | 9368 ||| FLEEEEING.
  9369 | Lair:1   | 9369 ||| FLEEEEING.
  9370 | Lair:1   | 9370 ||| FLEEEEING.
  9371 | Lair:1   | 9371 ||| FLEEEEING.
  9372 | Lair:1   | 9372 ||| FLEEEEING.
  9373 | Lair:1   | 9373 ||| FLEEEEING.
  9374 | Lair:1   | 9374 ||| FLEEEEING.
  9375 | Lair:1   | 9375 ||| FLEEEEING.
  9376 | Lair:1   | 9376 ||| FLEEEEING.
  9382 | Lair:1   | 9382 ||| FLEEEEING.
  9398 | Lair:1   | Reached XP level 12. HP: 73/77 MP: 15/15
  9438 | Lair:2   | Found a staircase to the Swamp.
  9442 | Lair:2   | Reached ** piety under Okawaru
  9475 | Lair:2   | 9475 ||| INVOKING Heroism.
  9490 | Lair:2   | 9490 ||| Stepping ~*~*~tactically~*~*~ (stealth).
  9500 | Lair:2   | 9500 ||| FLEEEEING.
  9501 | Lair:2   | 9501 ||| FLEEEEING.
  9502 | Lair:2   | 9502 ||| FLEEEEING.
  9503 | Lair:2   | 9503 ||| FLEEEEING.
  9504 | Lair:2   | 9504 ||| FLEEEEING.
  9505 | Lair:2   | 9505 ||| FLEEEEING.
  9506 | Lair:2   | 9506 ||| FLEEEEING.
  9523 | Lair:2   | 9523 ||| INVOKING Heroism.
  9685 | Lair:2   | 9685 ||| INVOKING Heroism.
  9882 | Lair:2   | Noticed a death yak
  9883 | Lair:2   | 9883 ||| INVOKING Heroism.
  9894 | Lair:2   | Killed a death yak
  9956 | Lair:2   | 9956 ||| INVOKING Heroism.
  9982 | Lair:2   | 9982 ||| INVOKING Heroism.
 10360 | Lair:2   | 10360 ||| READING scroll labelled ZUJOKHL ZIJYUHE.
 10361 | Lair:2   | 10361 ||| READING scroll labelled QIPUSELAIH.
 10362 | Lair:2   | 10362 ||| READING 4 scrolls of identify.
 10362 | Lair:2   | 10362 ||| IDENTIFYING glowing puce potion
 10363 | Lair:2   | 10363 ||| READING 3 scrolls of identify.
 10363 | Lair:2   | 10363 ||| IDENTIFYING fuming blue potion
 10364 | Lair:2   | 10364 ||| DROPPING potion of brilliance.
 10508 | Lair:3   | Reached *** piety under Okawaru
 10509 | Lair:3   | 10509 ||| FLEEEEING.
 10521 | Lair:3   | Noticed a boulder beetle
 10522 | Lair:3   | 10522 ||| INVOKING Heroism.
 10537 | Lair:3   | Killed a boulder beetle
 10725 | Lair:3   | Reached skill level 11 in Fighting
 10728 | Lair:3   | Received a gift from Okawaru
 10736 | Lair:3   | Noticed an eight-headed hydra
 10737 | Lair:3   | Reached skill level 3 in Dodging
 10737 | Lair:3   | 10737 ||| FLEEEEING.
 10738 | Lair:3   | 10738 ||| FLEEEEING.
 10739 | Lair:3   | 10739 ||| FLEEEEING.
 10740 | Lair:3   | 10740 ||| FLEEEEING.
 10741 | Lair:3   | 10741 ||| FLEEEEING.
 10742 | Lair:3   | 10742 ||| FLEEEEING.
 10743 | Lair:3   | 10743 ||| FLEEEEING.
 10744 | Lair:3   | 10744 ||| FLEEEEING.
 10745 | Lair:3   | 10745 ||| FLEEEEING.
 10746 | Lair:3   | 10746 ||| STAIRDANCE
 10797 | Lair:2   | 10797 ||| DROPPING orb of guile.
 10798 | Lair:2   | 10798 ||| READING scroll labelled DETU EKKILOI.
 10801 | Lair:3   | 10801 ||| INVOKING Heroism.
 10802 | Lair:3   | 10802 ||| SWAPPING to +3 flail of Blind Justice {speed,
                  | rPois}.
 10809 | Lair:3   | Killed an eight-headed hydra
 10810 | Lair:3   | 10810 ||| SWAPPING to +8 war axe of Bodily Harmony {freeze,
                  | Stlth+}.
 10822 | Lair:3   | 10822 ||| STAIRDANCE
 11029 | Lair:3   | Received a gift from Okawaru
 11083 | Lair:3   | Found a hole to the Spider Nest.
 11217 | Lair:3   | Noticed a four-headed hydra
 11218 | Lair:3   | 11218 ||| INVOKING Heroism.
 11222 | Lair:3   | 11222 ||| SWAPPING to +3 flail of Blind Justice {speed,
                  | rPois}.
 11230 | Lair:3   | Killed a four-headed hydra
 11231 | Lair:3   | Reached skill level 9 in Armour
 11231 | Lair:3   | Reached XP level 13. HP: 54/84 MP: 14/16
 11231 | Lair:3   | 11231 ||| SWAPPING to +8 war axe of Bodily Harmony {freeze,
                  | Stlth+}.
 11368 | Lair:3   | 11368 ||| INVOKING Heroism.
 11385 | Lair:3   | 11385 ||| Stepping ~*~*~tactically~*~*~ (stealth).
 11387 | Lair:3   | 11387 ||| Stepping ~*~*~tactically~*~*~ (stealth).
 11389 | Lair:3   | 11389 ||| Stepping ~*~*~tactically~*~*~ (stealth).
 11460 | Lair:3   | 11460 ||| INVOKING Heroism.
 11464 | Lair:3   | 11464 ||| Stepping ~*~*~tactically~*~*~ (cloud).
 11465 | Lair:3   | 11465 ||| Stepping ~*~*~tactically~*~*~ (water).
 11483 | Lair:3   | Reached **** piety under Okawaru
 11485 | Lair:3   | 11485 ||| INVOKING Heroism.
 11487 | Lair:3   | Reached skill level 15 in Axes
 11487 | Lair:3   | 11487 ||| FLEEEEING.
 11619 | Lair:3   | 11619 ||| Stepping ~*~*~tactically~*~*~ (hiding).
 11620 | Lair:3   | 11620 ||| Stepping ~*~*~tactically~*~*~ (hiding).
 11630 | Lair:3   | 11630 ||| Stepping ~*~*~tactically~*~*~ (cloud).
 11633 | Lair:3   | 11633 ||| INVOKING Heroism.
 11747 | Lair:3   | 11747 ||| INVOKING Heroism.
 11763 | Lair:3   | Received a gift from Okawaru
 11839 | Lair:3   | Identified the +5 orcbow of Goxaurr {speed, rF++ Str-2
                  | Dex+4 Stlth+}
 11847 | Lair:3   | 11847 ||| READING scroll of enchant armour.
 11847 | Lair:3   | 11847 ||| ENCHANTING +1 pair of gloves.
 11907 | Lair:3   | 11907 ||| Stepping ~*~*~tactically~*~*~ (hiding).
 11988 | Lair:3   | 11988 ||| DROPPING scarf of shadows.
 12035 | Lair:4   | 12035 ||| INVOKING Heroism.
 12046 | Lair:4   | 12046 ||| INVOKING Heroism.
 12214 | Lair:4   | 12214 ||| INVOKING Heroism.
 12265 | Lair:4   | 12265 ||| Stepping ~*~*~tactically~*~*~ (stealth).
 12266 | Lair:4   | 12266 ||| INVOKING Heroism.
 12325 | Lair:4   | 12325 ||| Stepping ~*~*~tactically~*~*~ (stealth).
 12326 | Lair:4   | 12326 ||| Stepping ~*~*~tactically~*~*~ (stealth).
 12395 | Lair:4   | Reached skill level 12 in Fighting
 12396 | Lair:4   | Found a viscous altar of Jiyva.
 12396 | Lair:4   | Found a staircase to the Slime Pits.
 12407 | Lair:4   | Received a gift from Okawaru
 12474 | Lair:4   | Identified the +4 orcbow of Karma {speed, rF+ Dex+6}
 12488 | Lair:4   | 12488 ||| Stepping ~*~*~tactically~*~*~ (stealth).
 12606 | Lair:4   | 12606 ||| INVOKING Heroism.
 12611 | Lair:4   | 12611 ||| SWAPPING to +3 flail of Blind Justice {speed,
                  | rPois}.
 12615 | Lair:4   | Reached skill level 6 in Invocations
 12615 | Lair:4   | 12615 ||| SWAPPING to +8 war axe of Bodily Harmony {freeze,
                  | Stlth+}.
 12643 | Lair:4   | 12643 ||| Stepping ~*~*~tactically~*~*~ (stealth).
 12650 | Lair:4   | 12650 ||| INVOKING Heroism.
 12671 | Lair:4   | 12671 ||| INVOKING Heroism.
 12970 | Lair:4   | Noticed Kirke
 12971 | Lair:4   | 12971 ||| INVOKING Heroism.
 12981 | Lair:4   | Killed Kirke
 13052 | Lair:4   | Gained mutation: Your large and strong wings let you fly.
                  | [Gargoyle growth]
 13052 | Lair:4   | Reached XP level 14. HP: 92/92 MP: 19/19
 13308 | Lair:4   | 13308 ||| READING 4 scrolls of identify.
 13308 | Lair:4   | 13308 ||| IDENTIFYING purple potion
 13309 | Lair:4   | 13309 ||| READING 3 scrolls of identify.
 13309 | Lair:4   | 13309 ||| IDENTIFYING yellow potion
 13310 | Lair:4   | 13310 ||| DROPPING potion of berserk rage.
 13332 | Lair:5   | Entered Level 5 of the Lair of Beasts
 13335 | Lair:5   | 13335 ||| STAIRDANCE
 13340 | Lair:4   | 13340 ||| INVOKING Heroism.
 13473 | Lair:5   | 13473 ||| STAIRDANCE
 13579 | Lair:5   | 13579 ||| STAIRDANCE
 13650 | Lair:5   | 13650 ||| INVOKING Heroism.
 13654 | Lair:5   | 13654 ||| SWAPPING to +3 flail of Blind Justice {speed,
                  | rPois}.
 13660 | Lair:5   | 13660 ||| SWAPPING to +8 war axe of Bodily Harmony {freeze,
                  | Stlth+}.
 13782 | Lair:5   | 13782 ||| Stepping ~*~*~tactically~*~*~ (stealth).
 13783 | Lair:5   | 13783 ||| Stepping ~*~*~tactically~*~*~ (stealth).
 13866 | Lair:5   | Received a gift from Okawaru
 13955 | Lair:5   | 13955 ||| Stepping ~*~*~tactically~*~*~ (stealth).
 13990 | Lair:5   | 13990 ||| Stepping ~*~*~tactically~*~*~ (stealth).
 13992 | Lair:5   | 13992 ||| INVOKING Heroism.
 14002 | Lair:5   | Reached skill level 9 in Invocations
 14099 | Lair:5   | 14099 ||| INVOKING Heroism.
 14106 | Lair:5   | 14106 ||| SWAPPING to +3 flail of Blind Justice {speed,
                  | rPois}.
 14139 | Lair:5   | Reached ***** piety under Okawaru
 14140 | Lair:5   | 14140 ||| SWAPPING to +8 war axe of Bodily Harmony {freeze,
                  | Stlth+}.
 14182 | Lair:5   | 14182 ||| INVOKING Heroism.
 14238 | Lair:5   | 14238 ||| INVOKING Heroism.
 14248 | Lair:5   | Received a gift from Okawaru
 14758 | Lair:5   | 14758 ||| Stepping ~*~*~tactically~*~*~ (stealth).
 14763 | Lair:5   | 14763 ||| Stepping ~*~*~tactically~*~*~ (hiding).
 14765 | Lair:5   | 14765 ||| Stepping ~*~*~tactically~*~*~ (hiding).
 14768 | Lair:5   | 14768 ||| Stepping ~*~*~tactically~*~*~ (hiding).
 14769 | Lair:5   | 14769 ||| Stepping ~*~*~tactically~*~*~ (hiding).
 14779 | Lair:5   | 14779 ||| Stepping ~*~*~tactically~*~*~ (stealth).
 14921 | Lair:5   | 14921 ||| Stepping ~*~*~tactically~*~*~ (stealth).
 14928 | Lair:5   | 14928 ||| INVOKING Heroism.
 14942 | Lair:5   | Reached skill level 13 in Fighting
 15023 | Lair:5   | Found the +5 robe of Night {Dark Will+ SInv}
 15091 | Lair:5   | 15091 ||| Stepping ~*~*~tactically~*~*~ (hiding).
 15092 | Lair:5   | 15092 ||| Stepping ~*~*~tactically~*~*~ (hiding).
 15094 | Lair:5   | 15094 ||| Stepping ~*~*~tactically~*~*~ (hiding).
 15095 | Lair:5   | 15095 ||| Stepping ~*~*~tactically~*~*~ (hiding).
 15217 | Lair:5   | 15217 ||| Stepping ~*~*~tactically~*~*~ (hiding).
 15253 | Lair:5   | 15253 ||| Stepping ~*~*~tactically~*~*~ (stealth).
 15255 | Lair:5   | 15255 ||| Stepping ~*~*~tactically~*~*~ (stealth).
 15258 | Lair:5   | 15258 ||| Stepping ~*~*~tactically~*~*~ (stealth).
 15260 | Lair:5   | 15260 ||| Stepping ~*~*~tactically~*~*~ (stealth).
 15272 | Lair:5   | 15272 ||| Stepping ~*~*~tactically~*~*~ (hiding).
 15340 | Lair:5   | 15340 ||| Stepping ~*~*~tactically~*~*~ (stealth).
 15341 | Lair:5   | 15341 ||| Stepping ~*~*~tactically~*~*~ (stealth).
 15343 | Lair:5   | 15343 ||| Stepping ~*~*~tactically~*~*~ (stealth).
 15345 | Lair:5   | 15345 ||| Stepping ~*~*~tactically~*~*~ (stealth).
 15375 | Lair:5   | 15375 ||| INVOKING Heroism.
 15376 | Lair:5   | 15376 ||| INVOKING Finesse.
 15427 | Lair:5   | 15427 ||| Stepping ~*~*~tactically~*~*~ (stealth).
 15435 | Lair:5   | Received a gift from Okawaru
 15537 | Lair:5   | 15537 ||| INVOKING Heroism.
 15538 | Lair:5   | 15538 ||| INVOKING Finesse.
 15658 | Lair:5   | 15658 ||| PLANNING D:1-11
 15658 | Lair:5   | 15658 ||| DROPPING ring of ice.
 15659 | Lair:5   | 15659 ||| UPGRADING to +5 ring of evasion.
 15661 | Lair:5   | 15661 ||| UPGRADING to ring of Mujaumo {rN+ Will+ Dex+3}.
 15829 | D:11     | 15829 ||| Stepping ~*~*~tactically~*~*~ (stealth).
 15835 | D:11     | 15835 ||| Stepping ~*~*~tactically~*~*~ (hiding).
 15837 | D:11     | 15837 ||| Stepping ~*~*~tactically~*~*~ (hiding).
 15838 | D:11     | 15838 ||| Stepping ~*~*~tactically~*~*~ (hiding).
 15950 | D:11     | Reached XP level 15. HP: 84/98 MP: 22/22
 15952 | D:11     | 15952 ||| FLEEEEING.
 15953 | D:11     | 15953 ||| FLEEEEING.
 15957 | D:11     | 15957 ||| STAIRDANCE
 16041 | D:11     | 16041 ||| Stepping ~*~*~tactically~*~*~ (stealth).
 16042 | D:11     | 16042 ||| Stepping ~*~*~tactically~*~*~ (stealth).
 16097 | D:11     | Reached skill level 6 in Throwing
 16142 | D:11     | Reached skill level 9 in Shields
 16218 | D:11     | Identified the +0 pair of boots "Vuall" {+Inv rF- Int+6
                  | Slay+2} (Okawaru gifted it to you on level 11 of the
                  | Dungeon)
 16218 | D:11     | Received a gift from Okawaru
 16278 | D:11     | Found a basalt altar of Yredelemnul.
 16334 | D:11     | 16334 ||| READING scroll of enchant armour.
 16334 | D:11     | 16334 ||| ENCHANTING +0 cloak.
 17073 | D:11     | 17073 ||| PLANNING D
 17073 | D:11     | 17073 ||| UPGRADING to +0 pair of boots "Vuall" {+Inv rF-
                  | Int+6 Slay+2}.
 17102 | D:12     | 17102 ||| DROPPING +3 flail of Blind Justice {speed,
                  | rPois}.
 17131 | D:12     | 17131 ||| Stepping ~*~*~tactically~*~*~ (stealth).
 17150 | D:12     | Found a staircase to the Orcish Mines.
 17432 | D:12     | 17432 ||| Stepping ~*~*~tactically~*~*~ (stealth).
 17437 | D:12     | 17437 ||| INVOKING Heroism.
 17456 | D:12     | 17456 ||| Stepping ~*~*~tactically~*~*~ (stealth).
 17660 | D:12     | Noticed Snorg
 17666 | D:12     | Killed Snorg
 17690 | D:12     | Found Esadalei's Armour Boutique.
 17700 | D:12     | 17700 ||| BUYING +1 plate armour of poison resistance (480
                  | gold).
 17700 | D:12     | Bought a +1 plate armour of poison resistance for 480 gold
                  | pieces
 17700 | D:12     | 17700 ||| SHOPLISTING +2 plate armour "Sibruepna" {+Inv
                  | Will+ rCorr Stlth-} (852 gold, have 677).
 17700 | D:12     | 17700 ||| BUYING +3 scale mail of fire resistance (390
                  | gold).
 17700 | D:12     | Bought a +3 scale mail of fire resistance for 390 gold
                  | pieces
 17894 | D:12     | 17894 ||| DROPPING +0 plate armour.
 17895 | D:12     | 17895 ||| READING scroll labelled OSMUCH JOCE.
 17996 | D:12     | 17996 ||| READING 4 scrolls of identify.
 17996 | D:12     | 17996 ||| IDENTIFYING green potion
 17997 | D:12     | 17997 ||| DRINKING potion of experience.
 17997 | D:12     | Reached XP level 16. HP: 104/104 MP: 23/23
 18514 | D:13     | 18514 ||| INVOKING Heroism.
 18520 | D:13     | Reached skill level 14 in Fighting
 18734 | D:13     | 18734 ||| INVOKING Heroism.
 18895 | D:13     | 18895 ||| Stepping ~*~*~tactically~*~*~ (stealth).
 18896 | D:13     | 18896 ||| Stepping ~*~*~tactically~*~*~ (stealth).
 18898 | D:13     | 18898 ||| Stepping ~*~*~tactically~*~*~ (hiding).
 19113 | D:13     | 19113 ||| DROPPING orb of guile.
 19114 | D:13     | 19114 ||| UPGRADING to scarf of resistance.
 19124 | D:13     | 19124 ||| UPGRADING to +1 plate armour of poison
                  | resistance.
 19134 | D:13     | 19134 ||| READING 3 scrolls of identify.
 19134 | D:13     | 19134 ||| IDENTIFYING clear potion
 19150 | D:14     | Noticed Jorgrun
 19151 | D:14     | 19151 ||| INVOKING Heroism.
 19152 | D:14     | 19152 ||| INVOKING Finesse.
 19165 | D:14     | Killed Jorgrun
 19413 | D:14     | 19413 ||| FLEEEEING.
 19414 | D:14     | 19414 ||| FLEEEEING.
 19417 | D:14     | 19417 ||| Stepping ~*~*~tactically~*~*~ (hiding).
 19492 | D:14     | 19492 ||| INVOKING Heroism.
 19498 | D:14     | Reached skill level 12 in Armour
 19504 | D:14     | Received a gift from Okawaru
 19504 | D:14     | HP: 20/107 [skeletal warrior/+0 dire flail (19)]
 19505 | D:14     | 19505 ||| READING 4 scrolls of teleportation.
 19505 | D:14     | HP: 8/107 [skeletal warrior/+0 dire flail (13)]
 19506 | D:14     | 19506 ||| DRINKING 3 potions of heal wounds.
 19744 | D:14     | Noticed Lodul
 19755 | D:14     | Killed Lodul
 19778 | D:14     | 19778 ||| Stepping ~*~*~tactically~*~*~ (stealth).
 19779 | D:14     | 19779 ||| Stepping ~*~*~tactically~*~*~ (stealth).
 19780 | D:14     | 19780 ||| Stepping ~*~*~tactically~*~*~ (stealth).
 19846 | D:14     | 19846 ||| INVOKING Heroism.
 19849 | D:14     | Received a gift from Okawaru
 19851 | D:14     | HP: 26/107 [two-headed ogre/+0 giant club (2)]
 19852 | D:14     | 19852 ||| READING 3 scrolls of teleportation.
 19853 | D:14     | 19853 ||| DRINKING 2 potions of heal wounds.
 20045 | D:14     | 20045 ||| Stepping ~*~*~tactically~*~*~ (stealth).
 20047 | D:14     | 20047 ||| Stepping ~*~*~tactically~*~*~ (hiding).
 20051 | D:14     | 20051 ||| INVOKING Heroism.
 20080 | D:14     | 20080 ||| Stepping ~*~*~tactically~*~*~ (hiding).
 20086 | D:14     | 20086 ||| INVOKING Heroism.
 20094 | D:14     | 20094 ||| Stepping ~*~*~tactically~*~*~ (hiding).
 20095 | D:14     | 20095 ||| Stepping ~*~*~tactically~*~*~ (hiding).
 20097 | D:14     | 20097 ||| Stepping ~*~*~tactically~*~*~ (hiding).
 20100 | D:14     | 20100 ||| Stepping ~*~*~tactically~*~*~ (hiding).
 20169 | D:14     | 20169 ||| Stepping ~*~*~tactically~*~*~ (stealth).
 20432 | D:14     | Found a gate to the Vaults.
 20434 | D:14     | 20434 ||| DROPPING amulet of magic regeneration.
 20452 | D:15     | Entered Level 15 of the Dungeon
 20528 | D:15     | Reached XP level 17. HP: 110/112 MP: 24/24
 20579 | D:15     | Reached skill level 15 in Fighting
 20603 | D:15     | 20603 ||| INVOKING Heroism.
 20654 | D:15     | 20654 ||| FLEEEEING.
 20714 | D:15     | Found a staircase to the Depths.
 20726 | D:15     | 20726 ||| FLEEEEING.
 20727 | D:15     | 20727 ||| FLEEEEING.
 20850 | D:15     | 20850 ||| Stepping ~*~*~tactically~*~*~ (hiding).
 20852 | D:15     | 20852 ||| Stepping ~*~*~tactically~*~*~ (hiding).
 20855 | D:15     | 20855 ||| Stepping ~*~*~tactically~*~*~ (hiding).
 20868 | D:15     | Received a gift from Okawaru
 20883 | D:15     | 20883 ||| Stepping ~*~*~tactically~*~*~ (hiding).
 20884 | D:15     | 20884 ||| Stepping ~*~*~tactically~*~*~ (hiding).
 20885 | D:15     | 20885 ||| INVOKING Heroism.
 20888 | D:15     | 20888 ||| SWAPPING to +0 morningstar.
 20906 | D:15     | 20906 ||| SWAPPING to +8 war axe of Bodily Harmony {freeze,
                  | Stlth+}.
 20936 | D:15     | 20936 ||| INVOKING Heroism.
 21122 | D:15     | 21122 ||| DROPPING +0 war axe.
 21127 | D:15     | 21127 ||| Stepping ~*~*~tactically~*~*~ (hiding).
 21128 | D:15     | 21128 ||| Stepping ~*~*~tactically~*~*~ (hiding).
 21317 | D:15     | 21317 ||| DROPPING +2 flail of draining.
 21442 | D:15     | 21442 ||| PLANNING ORC
 21509 | Orc:1    | Entered Level 1 of the Orcish Mines
 21516 | Orc:1    | 21516 ||| STAIRDANCE
 21628 | Orc:1    | Found Reth's Antique Armour Emporium.
 21643 | Orc:1    | 21643 ||| BUYING helmet (162 gold).
 21643 | Orc:1    | Bought a helmet for 162 gold pieces
 21679 | Orc:1    | 21679 ||| Stepping ~*~*~tactically~*~*~ (stealth).
 21712 | Orc:1    | Found a bloodstained altar of Trog.
 21813 | Orc:1    | 21813 ||| UPGRADING to +0 helmet.
 21835 | Orc:2    | Entered Level 2 of the Orcish Mines
 21845 | Orc:2    | 21845 ||| STAIRDANCE
 21883 | Orc:2    | 21883 ||| Stepping ~*~*~tactically~*~*~ (hiding).
 21884 | Orc:2    | 21884 ||| Stepping ~*~*~tactically~*~*~ (hiding).
 21885 | Orc:2    | 21885 ||| Stepping ~*~*~tactically~*~*~ (hiding).
 21886 | Orc:2    | 21886 ||| Stepping ~*~*~tactically~*~*~ (hiding).
 21888 | Orc:2    | 21888 ||| Stepping ~*~*~tactically~*~*~ (hiding).
 21894 | Orc:2    | 21894 ||| Stepping ~*~*~tactically~*~*~ (hiding).
 21907 | Orc:2    | 21907 ||| Stepping ~*~*~tactically~*~*~ (hiding).
 21909 | Orc:2    | 21909 ||| Stepping ~*~*~tactically~*~*~ (hiding).
 22007 | Orc:2    | 22007 ||| Stepping ~*~*~tactically~*~*~ (stealth).
 22011 | Orc:2    | 22011 ||| Stepping ~*~*~tactically~*~*~ (stealth).
 22014 | Orc:2    | 22014 ||| Stepping ~*~*~tactically~*~*~ (stealth).
 22016 | Orc:2    | 22016 ||| Stepping ~*~*~tactically~*~*~ (hiding).
 22017 | Orc:2    | 22017 ||| Stepping ~*~*~tactically~*~*~ (hiding).
 22018 | Orc:2    | 22018 ||| Stepping ~*~*~tactically~*~*~ (hiding).
 22019 | Orc:2    | 22019 ||| Stepping ~*~*~tactically~*~*~ (hiding).
 22024 | Orc:2    | 22024 ||| Stepping ~*~*~tactically~*~*~ (stealth).
 22026 | Orc:2    | 22026 ||| Stepping ~*~*~tactically~*~*~ (stealth).
 22054 | Orc:2    | 22054 ||| Stepping ~*~*~tactically~*~*~ (stealth).
 22067 | Orc:2    | 22067 ||| Stepping ~*~*~tactically~*~*~ (hiding).
 22118 | Orc:2    | 22118 ||| FLEEEEING.
 22119 | Orc:2    | 22119 ||| FLEEEEING.
 22120 | Orc:2    | 22120 ||| FLEEEEING.
 22121 | Orc:2    | 22121 ||| FLEEEEING.
 22187 | Orc:2    | Found a staircase to the Elven Halls.
 22197 | Orc:2    | Found Xeimatsi's Overcharged Wands.
 22240 | Orc:2    | 22240 ||| Stepping ~*~*~tactically~*~*~ (stealth).
 22302 | Orc:2    | 22302 ||| BUYING wand of digging (11) (693 gold).
 22302 | Orc:2    | Bought a wand of digging (11) for 693 gold pieces
 22451 | Orc:2    | 22451 ||| Stepping ~*~*~tactically~*~*~ (hiding).
 22452 | Orc:2    | 22452 ||| Stepping ~*~*~tactically~*~*~ (hiding).
 22480 | Orc:2    | 22480 ||| Stepping ~*~*~tactically~*~*~ (hiding).
 22502 | Orc:2    | 22502 ||| INVOKING Heroism.
 22519 | Orc:2    | Received a gift from Okawaru
 22520 | Orc:2    | Found Fora's Antique Armour Shoppe.
 22520 | Orc:2    | Found Meleeg's Assorted Antiques.
 22678 | Orc:2    | Found Lezockil's Assorted Antiques.
 22678 | Orc:2    | Found Nautaigho's Distillery.
 22685 | Orc:2    | 22685 ||| BUYING potion of curing (84 gold).
 22685 | Orc:2    | Bought a potion of curing for 84 gold pieces
 22685 | Orc:2    | 22685 ||| BUYING runed brass wand (112 gold).
 22685 | Orc:2    | Bought a runed brass wand for 112 gold pieces
 22685 | Orc:2    | 22685 ||| BUYING scroll of identify (56 gold).
 22685 | Orc:2    | Bought a scroll of identify for 56 gold pieces
 22685 | Orc:2    | 22685 ||| SHOPLISTING wooden ring (140 gold, have 120).
 22688 | Orc:2    | 22688 ||| SHOPLISTING fading acid dragon scales (1530 gold,
                  | have 120).
 22688 | Orc:2    | 22688 ||| SHOPLISTING pair of brightly glowing boots (323
                  | gold, have 120).
 22688 | Orc:2    | 22688 ||| SHOPLISTING scroll of enchant weapon (255 gold,
                  | have 120).
 22689 | Orc:2    | 22689 ||| SHOPLISTING 2 potions of mutation (160 gold, have
                  | 120).
 22689 | Orc:2    | 22689 ||| BUYING potion of attraction (30 gold).
 22689 | Orc:2    | Bought a potion of attraction for 30 gold pieces
 22689 | Orc:2    | 22689 ||| BUYING potion of curing (30 gold).
 22689 | Orc:2    | Bought a potion of curing for 30 gold pieces
 22689 | Orc:2    | 22689 ||| SHOPLISTING potion of mutation (80 gold, have
                  | 60).
 22689 | Orc:2    | 22689 ||| SHOPLISTING potion of resistance (100 gold, have
                  | 60).
 22691 | Orc:2    | 22691 ||| SHOPLISTING pair of boots (103 gold, have 60).
 22759 | Orc:2    | 22759 ||| DROPPING wand of polymorph (6).
 22769 | Orc:1    | 22769 ||| Stepping ~*~*~tactically~*~*~ (hiding).
 22855 | Orc:1    | 22855 ||| Stepping ~*~*~tactically~*~*~ (hiding).
 23197 | Orc:1    | Found Anoypnin's Weapon Shop.
 23507 | Orc:2    | 23507 ||| PLANNING SWAMP:1-3
 23654 | Swamp:1  | Entered Level 1 of the Swamp
 23655 | Swamp:1  | 23655 ||| INVOKING Heroism.
 23664 | Swamp:1  | Reached skill level 16 in Fighting
 23969 | Swamp:1  | 23969 ||| Stepping ~*~*~tactically~*~*~ (hiding).
 23970 | Swamp:1  | 23970 ||| Stepping ~*~*~tactically~*~*~ (hiding).
 24000 | Swamp:1  | 24000 ||| Stepping ~*~*~tactically~*~*~ (stealth).
 24005 | Swamp:1  | 24005 ||| Stepping ~*~*~tactically~*~*~ (stealth).
 24007 | Swamp:1  | 24007 ||| Stepping ~*~*~tactically~*~*~ (stealth).
 24031 | Swamp:1  | 24031 ||| Stepping ~*~*~tactically~*~*~ (stealth).
 24049 | Swamp:1  | Identified the staff "Forivi" {rElec rC+ Dex+3 Ice Air}
 24061 | Swamp:1  | 24061 ||| Stepping ~*~*~tactically~*~*~ (stealth).
 24137 | Swamp:1  | 24137 ||| Stepping ~*~*~tactically~*~*~ (hiding).
 24140 | Swamp:1  | 24140 ||| INVOKING Heroism.
 24167 | Swamp:1  | 24167 ||| Stepping ~*~*~tactically~*~*~ (hiding).
 24259 | Swamp:1  | 24259 ||| INVOKING Heroism.
 24328 | Swamp:1  | 24328 ||| INVOKING Heroism.
 24331 | Swamp:1  | 24331 ||| SWAPPING to +0 morningstar.
 24338 | Swamp:1  | 24338 ||| SWAPPING to +8 war axe of Bodily Harmony {freeze,
                  | Stlth+}.
 24341 | Swamp:1  | 24341 ||| FLEEEEING.
 24344 | Swamp:1  | 24344 ||| FLEEEEING.
 24348 | Swamp:1  | 24348 ||| FLEEEEING.
 24352 | Swamp:1  | HP: 23/115 [will-o-the-wisp/foxfire (7)]
 24353 | Swamp:1  | 24353 ||| FLEEEEING.
 24354 | Swamp:1  | 24354 ||| DRINKING 2 potions of heal wounds.
 24355 | Swamp:1  | 24355 ||| DRINKING potion of heal wounds.
 24357 | Swamp:1  | 24357 ||| FLEEEEING.
 24358 | Swamp:1  | 24358 ||| FLEEEEING.
 24362 | Swamp:1  | 24362 ||| FLEEEEING.
 24363 | Swamp:1  | 24363 ||| FLEEEEING.
 24364 | Swamp:1  | 24364 ||| FLEEEEING.
 24370 | Swamp:1  | 24370 ||| FLEEEEING.
 24371 | Swamp:1  | 24371 ||| FLEEEEING.
 24372 | Swamp:1  | 24372 ||| FLEEEEING.
 24373 | Swamp:1  | 24373 ||| FLEEEEING.
 24374 | Swamp:1  | 24374 ||| FLEEEEING.
 24375 | Swamp:1  | 24375 ||| FLEEEEING.
 24376 | Swamp:1  | 24376 ||| FLEEEEING.
 24377 | Swamp:1  | 24377 ||| FLEEEEING.
 24378 | Swamp:1  | 24378 ||| FLEEEEING.
 24379 | Swamp:1  | 24379 ||| FLEEEEING.
 24380 | Swamp:1  | 24380 ||| FLEEEEING.
 24381 | Swamp:1  | 24381 ||| FLEEEEING.
 24382 | Swamp:1  | 24382 ||| FLEEEEING.
 24396 | Swamp:1  | 24396 ||| FLEEEEING.
 24397 | Swamp:1  | 24397 ||| FLEEEEING.
 24403 | Swamp:1  | 24403 ||| FLEEEEING.
 24404 | Swamp:1  | 24404 ||| STAIRDANCE
 24544 | Lair:2   | 24544 ||| UPGRADING to amulet of reflection.
 24552 | Swamp:1  | 24552 ||| STAIRDANCE
 24720 | Swamp:2  | 24720 ||| Stepping ~*~*~tactically~*~*~ (hiding).
 24722 | Swamp:2  | 24722 ||| INVOKING Heroism.
 24737 | Swamp:2  | Received a gift from Okawaru
 24738 | Swamp:2  | Reached skill level 9 in Throwing
 24892 | Swamp:2  | 24892 ||| Stepping ~*~*~tactically~*~*~ (hiding).
 24940 | Swamp:2  | 24940 ||| INVOKING Heroism.
 25080 | Swamp:2  | 25080 ||| INVOKING Heroism.
 25083 | Swamp:2  | 25083 ||| SWAPPING to +0 morningstar.
 25096 | Swamp:2  | 25096 ||| SWAPPING to +8 war axe of Bodily Harmony {freeze,
                  | Stlth+}.
 25190 | Swamp:2  | 25190 ||| Stepping ~*~*~tactically~*~*~ (hiding).
 25191 | Swamp:2  | 25191 ||| Stepping ~*~*~tactically~*~*~ (hiding).
 25192 | Swamp:2  | 25192 ||| Stepping ~*~*~tactically~*~*~ (hiding).
 25194 | Swamp:2  | 25194 ||| Stepping ~*~*~tactically~*~*~ (hiding).
 25203 | Swamp:2  | Reached skill level 15 in Armour
 25308 | Swamp:2  | 25308 ||| Stepping ~*~*~tactically~*~*~ (hiding).
 25309 | Swamp:2  | 25309 ||| INVOKING Heroism.
 25399 | Swamp:2  | 25399 ||| Stepping ~*~*~tactically~*~*~ (hiding).
 25483 | Swamp:2  | 25483 ||| Stepping ~*~*~tactically~*~*~ (stealth).
 25629 | Swamp:2  | Found a transporter.
 25632 | Swamp:2  | Noticed Gokhumny's ghost (adept GnFi)
 25751 | Swamp:2  | Found a transporter.
 25819 | Swamp:3  | 25819 ||| INVOKING Heroism.
 25845 | Swamp:3  | 25845 ||| STAIRDANCE
 25848 | Swamp:2  | Received a gift from Okawaru
 26051 | Swamp:3  | 26051 ||| INVOKING Heroism.
 26053 | Swamp:3  | Reached skill level 17 in Fighting
 26141 | Swamp:3  | 26141 ||| READING scroll of enchant armour.
 26141 | Swamp:3  | 26141 ||| ENCHANTING +0 helmet.
 26164 | Swamp:3  | Noticed a kraken
 26172 | Swamp:3  | 26172 ||| INVOKING Heroism.
 26179 | Swamp:3  | Reached XP level 18. HP: 47/123 MP: 23/25
 26189 | Swamp:3  | HP: 19/123 [ghoul (14)]
 26190 | Swamp:3  | 26190 ||| READING 5 scrolls of teleportation.
 26191 | Swamp:3  | 26191 ||| DRINKING potion of heal wounds.
 26192 | Swamp:3  | 26192 ||| INVOKING Heroism.
 26193 | Swamp:3  | HP: 6/123 [ghoul (16)]
 26486 | Swamp:3  | 26486 ||| DROPPING +5 flail of holy wrath.
 26487 | Swamp:3  | 26487 ||| DROPPING +0 morningstar.
 26488 | Swamp:3  | 26488 ||| DROPPING +1 flail of holy wrath.
 26507 | Swamp:3  | 26507 ||| INVOKING Heroism.
 26568 | Swamp:3  | 26568 ||| Stepping ~*~*~tactically~*~*~ (stealth).
 26604 | Swamp:3  | 26604 ||| Stepping ~*~*~tactically~*~*~ (hiding).
 26605 | Swamp:3  | 26605 ||| Stepping ~*~*~tactically~*~*~ (hiding).
 26608 | Swamp:3  | 26608 ||| Stepping ~*~*~tactically~*~*~ (hiding).
 26877 | Swamp:3  | 26877 ||| INVOKING Heroism.
 26893 | Swamp:3  | Received a gift from Okawaru
 26952 | Swamp:3  | 26952 ||| READING scroll of enchant armour.
 26952 | Swamp:3  | 26952 ||| ENCHANTING +1 helmet.
 27286 | Swamp:3  | 27286 ||| PLANNING SPIDER:1-3
 27395 | Spider:1 | Entered Level 1 of the Spider Nest
 27398 | Spider:1 | 27398 ||| STAIRDANCE
 27502 | Spider:1 | 27502 ||| STAIRDANCE
 27779 | Spider:1 | Found a runed translucent door.
 27827 | Spider:1 | Received a gift from Okawaru
 28820 | Spider:2 | 28820 ||| Stepping ~*~*~tactically~*~*~ (hiding).
 28822 | Spider:2 | 28822 ||| Stepping ~*~*~tactically~*~*~ (stealth).
 28823 | Spider:2 | 28823 ||| Stepping ~*~*~tactically~*~*~ (hiding).
 28825 | Spider:2 | 28825 ||| INVOKING Heroism.
 28835 | Spider:2 | 28835 ||| DRINKING 10 potions of curing.
 28835 | Spider:2 | 28835 ||| (to cure confusion)
 28865 | Spider:2 | 28865 ||| Stepping ~*~*~tactically~*~*~ (stealth).
 28868 | Spider:2 | 28868 ||| Stepping ~*~*~tactically~*~*~ (stealth).
 28987 | Spider:2 | 28987 ||| INVOKING Heroism.
 29048 | Spider:2 | Noticed qw's ghost (adept GrFi)
 29069 | Spider:2 | 29069 ||| Stepping randomly (disturbance).
 29071 | Spider:2 | 29071 ||| Stepping randomly (disturbance).
 29072 | Spider:2 | 29072 ||| Stepping randomly (disturbance).
 29188 | Spider:2 | 29188 ||| INVOKING Heroism.
 29421 | Spider:2 | 29421 ||| Stepping ~*~*~tactically~*~*~ (stealth).
 29426 | Spider:2 | Found a transporter.
 29428 | Spider:2 | 29428 ||| Stepping ~*~*~tactically~*~*~ (stealth).
 29429 | Spider:2 | 29429 ||| Stepping ~*~*~tactically~*~*~ (stealth).
 29430 | Spider:2 | 29430 ||| Stepping ~*~*~tactically~*~*~ (stealth).
 29436 | Spider:2 | 29436 ||| DRINKING 9 potions of curing.
 29436 | Spider:2 | 29436 ||| (to cure confusion)
 29461 | Spider:2 | Noticed Arachne
 29462 | Spider:2 | 29462 ||| Stepping ~*~*~tactically~*~*~ (hiding).
 29476 | Spider:2 | 29476 ||| INVOKING Heroism.
 29492 | Spider:2 | Killed Arachne
 29640 | Spider:2 | Found a transporter.
 29776 | Spider:3 | 29776 ||| Stepping ~*~*~tactically~*~*~ (stealth).
 29816 | Spider:3 | 29816 ||| Stepping ~*~*~tactically~*~*~ (stealth).
 29819 | Spider:3 | 29819 ||| Stepping ~*~*~tactically~*~*~ (stealth).
 29869 | Spider:3 | 29869 ||| INVOKING Heroism.
 29917 | Spider:3 | 29917 ||| DRINKING 8 potions of curing.
 29917 | Spider:3 | 29917 ||| (to cure confusion)
 29919 | Spider:3 | 29919 ||| INVOKING Finesse.
 29928 | Spider:3 | Received a gift from Okawaru
 30002 | Spider:3 | 30002 ||| Stepping ~*~*~tactically~*~*~ (stealth).
 30038 | Spider:3 | 30038 ||| INVOKING Heroism.
 30094 | Spider:3 | 30094 ||| INVOKING Heroism.
 30331 | Spider:3 | Identified the +0 robe of the Black Moon {Str+5 Int-2
                  | Dex+3}
 30419 | Spider:3 | 30419 ||| INVOKING Heroism.
 30428 | Spider:3 | Reached skill level 18 in Fighting
 30456 | Spider:3 | 30456 ||| INVOKING Heroism.
 30563 | Spider:3 | Received a gift from Okawaru
 30605 | Spider:3 | 30605 ||| INVOKING Heroism.
 30749 | Spider:3 | 30749 ||| PLANNING SWAMP:4
 30884 | Swamp:4  | Entered Level 4 of the Swamp
 30885 | Swamp:4  | 30885 ||| INVOKING Heroism.
 30916 | Swamp:4  | Received a gift from Okawaru
 30927 | Swamp:4  | 30927 ||| FLEEEEING.
 30928 | Swamp:4  | 30928 ||| STAIRDANCE
 31145 | Swamp:4  | 31145 ||| INVOKING Heroism.
 31163 | Swamp:4  | Noticed Mara
 31174 | Swamp:4  | Noticed qw's illusion
 31186 | Swamp:4  | HP: 23/125 [qw's illusion (illusionary)[Mara] (17)]
 31186 | Swamp:4  | HP: 7/125 [Mara/bolt of fire (15)]
 31187 | Swamp:4  | 31187 ||| READING 6 scrolls of teleportation.
 31187 | Swamp:4  | Mangled by Mara

Levels and vault maps discovered:
D:1:      erik_arrival_blinker_ship, layout_loops_ring,
          nicolae_concentric_dashed_squares_mild
D:2:      layout_rooms, shapermc_ecumenical_altar_venn,
          nicolae_kite_square_tiling_tiny
D:3:      layout_rooms, lemuel_doored_altar, grunt_gozag_breadcrumbs
D:4:      nicolae_cairo_tiling_very_big, layout_basic, grunt_qazlal_clouds,
          serial_shops, nicolae_shop_pleasant_corner_grove
D:5:      layout_basic, lemuel_blue_sif_altar, mainiacjoe_overflow_chevrons,
          nicolae_elyvilon_temple_path, mainiacjoe_overflow_tiny_flanked,
          minmay_temple_entry_tees, chequers_ossuary_entry_cave,
          minmay_mini_ossuary, uniq_menkaure, uniq_edmund
D:6:      layout_cave_pools, nicolae_uskayaw_suspiria,
          cheibrodos_ashenzari_chains, gammafunk_ghost_smash,
          kennysheep_cross_room, uniq_prince_ribbit1
D:7:      layout_rooms, zin_purify, serial_shops, shop, uniq_duvessa
D:8:      layout_loops_corners, minmay_guarded_unrand_staff_of_olgreb
D:9:      layout_rooms, overflow_temple_1_default, dpeg_oklobed_lair,
          special_room [special_room_orc], minmay_misc_feat_room, uniq_joseph
D:10:     layout_basic, okawaru_gym_becter
D:11:     layout_layer_cave, nicolae_yredelemnul_corpse_copse
D:12:     layout_loops_ring, minmay_orc_entry_guard_dogs, serial_shops, shop,
          uniq_snorg
D:13:     layout_irregular_city
D:14:     layout_irregular_city, hangedman_vaults_entry_quadrant_bands,
          serial_bayou_pond_c, minmay_misc_feat_rugged, uniq_lodul, uniq_jorgrun
D:15:     gammafunk_depths_entry_grave, layout_basic, hangedman_decor_lopped
Temple:   nicolae_temple_two_arcs
Lair:1:   layout_roguey, st_stairs_5
Lair:2:   layout_chaotic_city, swamp_mist, grunt_forest_large_clearings
Lair:3:   layout_misc_corridors, spider_nest_entry_a, nicolae_lair_lakeside_cave
Lair:4:   layout_long_grid, minmay_slime_entry_pillars, grunt_megastairs_3,
          uniq_kirke
Lair:5:   hangedman_lair_tendril_chambers, layout_gridlike,
          guppyfry_lair_end_dragon, lemuel_fruit_tree, lemuel_fruit_fields
Swamp:1:  layout_basic_swamp, nicolae_swamp_orc_logging_accident, swamp_pool1,
          worms_lemuel
Swamp:2:  layout_basic_swamp, gammafunk_ghost_berserking_beasts,
          evilmike_swamp_ruin_rubble_2, swamp_pool3
Swamp:3:  layout_basic_swamp, nicolae_swamp_treefoil, swamp_pool1,
          nicolae_swamp_thats_no_hydra
Swamp:4:  swamp, layout_basic_swamp, nicolae_swamp_frolicking_bunyips, uniq_mara
Spider:1: cheibrodos_spider_deadly_dance
Spider:2: layout_spider_delve, gammafunk_ghost_arena, uniq_arachne
Spider:3: layout_spider_delve, guppyfry_spider_mini_2
Orc:1:    layout_caves, basic_altar, serial_shops, nicolae_shop_gibbet_a_chance,
          shop, hangedman_feature_mirror
Orc:2:    grunt_orc_tribal_feast, layout_diamond_mine,
          nicolae_shop_overcharged_wands

Skill      XL: |  1  2  3  4  5  6  7  8  9 10 11 12 13 14 15 16 17 18 |
---------------+-------------------------------------------------------+-----
Axes           | 2 3 4 5 6 7 8 9 11 12 14 15 16 | 16.0
Dodging        | 1 2 3 4 5 |  5.0
Fighting       | 4 5 6 7 9 10 11 12 13 14 17 18 | 18.0
Throwing       | 1 2 3 5 8 9 10 | 10.0
Armour         | 4 5 6 7 9 11 13 15 16 | 16.7
Shields        | 4 5 6 7 8 9 10 11 | 11.0
Invocations    | 4 7 10 | 10.0

Action                     |  1- 3 |  4- 6 |  7- 9 | 10-12 | 13-15 | 16-18 || total
---------------------------+-------+-------+-------+-------+-------+-------++-------
  Melee: War axe           |    88 |    65 |   158 |   416 |   630 |  1139 ||  2496
         Flail             |       |       |       |    15 |    40 |       ||    55
         Morningstar       |       |       |       |       |       |    35 ||    35
  Throw: Boomerang         |       |    37 |    73 |     6 |   104 |   175 ||   395
         Javelin           |       |       |     8 |    45 |    83 |   182 ||   318
 Invoke: Heroism           |       |       |       |    17 |    23 |    37 ||    77
         Finesse           |       |       |       |       |     2 |     2 ||     4
    Use: Scroll            |     6 |     4 |     3 |     9 |     6 |     7 ||    35
         Potion            |     1 |       |     2 |     4 |     1 |     8 ||    16
   Stab: Petrified         |       |       |       |       |     4 |       ||     4
         Confused          |       |       |       |       |       |     1 ||     1
 Armour: Scale mail        |    25 |       |       |       |       |       ||    25
         Chain mail        |    19 |    14 |    73 |   212 |   401 |    65 ||   784
         Ring mail         |       |    14 |    10 |       |       |       ||    24
         Plate armour      |       |       |       |       |       |   588 ||   588
  Dodge: Dodged            |    25 |    19 |    51 |   149 |   270 |   593 ||  1107
  Block: Buckler           |    13 |    14 |    33 |    94 |   141 |   492 ||   787
         Reflection        |       |       |       |       |       |     4 ||     4

Table legend:
 A = Non-vault XP
 B = Vault XP
 C = Vault XP percentage of total XP
 D = Non-vault monster count
 E = Vault monster count
 F = Vault count percentage of total count
                 A         B        C        D         E       F
            +---------+---------+-------+---------+---------+-------
      Total |  187964 |   74097 |  28.3 |     761 |     218 |  22.3
            +---------+---------+-------+---------+---------+-------
        D:1 |      30 |       0 |   0.0 |      16 |       0 |   0.0
        D:2 |      33 |       0 |   0.0 |      13 |       0 |   0.0
        D:3 |      97 |       0 |   0.0 |      27 |       0 |   0.0
        D:4 |     358 |       0 |   0.0 |      26 |       0 |   0.0
        D:5 |     836 |     344 |  29.2 |      27 |       6 |  18.2
        D:6 |     695 |     264 |  27.5 |      19 |       1 |   5.0
        D:7 |    1036 |     218 |  17.4 |      10 |       2 |  16.7
        D:8 |    1484 |       0 |   0.0 |      24 |       0 |   0.0
        D:9 |    3921 |     673 |  14.6 |      37 |      13 |  26.0
       D:10 |    2408 |       0 |   0.0 |      21 |       0 |   0.0
       D:11 |    5832 |    5648 |  49.2 |      30 |      12 |  28.6
       D:12 |    8147 |    1480 |  15.4 |      24 |       4 |  14.3
       D:13 |   11783 |       0 |   0.0 |      25 |       0 |   0.0
       D:14 |    6905 |   12476 |  64.4 |      17 |      25 |  59.5
       D:15 |    8465 |    4695 |  35.7 |      21 |       8 |  27.6
     Lair:1 |    5155 |     890 |  14.7 |      22 |       3 |  12.0
     Lair:2 |    7592 |     807 |   9.6 |      28 |       1 |   3.4
     Lair:3 |    7633 |    9485 |  55.4 |      23 |      20 |  46.5
     Lair:4 |   12905 |    3246 |  20.1 |      44 |      10 |  18.5
     Lair:5 |   12038 |   13226 |  52.4 |      37 |      52 |  58.4
    Swamp:1 |    6832 |    1923 |  22.0 |      15 |       8 |  34.8
    Swamp:2 |   16490 |     754 |   4.4 |      34 |       1 |   2.9
    Swamp:3 |   15862 |    1274 |   7.4 |      28 |       1 |   3.4
    Swamp:4 |    2521 |    4834 |  65.7 |       6 |      10 |  62.5
   Spider:1 |    7996 |       0 |   0.0 |      23 |       0 |   0.0
   Spider:2 |   15282 |    2228 |  12.7 |      35 |       1 |   2.8
   Spider:3 |   19720 |    1592 |   7.5 |      49 |       8 |  14.0
      Orc:1 |    1854 |     428 |  18.8 |      33 |       2 |   5.7
      Orc:2 |    4054 |    7612 |  65.2 |      47 |      30 |  39.0
            +---------+---------+-------+---------+---------+-------
